 Dungeon Crawl Stone Soup version 0.21.1-1-g345015f (webtiles) character file.

57337 wojtek the Cleaver (level 14, -9/127 HPs)
             Began as a Minotaur Fighter on July 21, 2018.
             Was a High Priest of Makhleb.
             Killed by divine providence
             ... invoked by a meliai
              (14 damage)
             ... on level 14 of the Dungeon.
             The game lasted 00:36:35 (22672 turns).

wojtek the Cleaver (Minotaur Fighter)              Turns: 22672, Time: 00:36:36

Health: -9/127     AC: 28    Str: 25    XL:     14   Next: 45%
Magic:  20/20      EV:  9    Int:  5    God:    Makhleb [*****.]
Gold:   2099       SH: 15    Dex: 11    Spells: 13/13 levels left

rFire    . . .     SeeInvis .   Y - +2 war axe (elec)
rCold    + + .     Gourm    .   q - +2 shield {rC+}
rNeg     . . .     Faith    .   J - +0 crystal plate armour
rPois    +         Spirit   .   (helmet restricted)
rElec    .         Reflect  .   V - +0 cloak {rPois}
rCorr    .         Harm     .   e - +0 pair of gloves
MR       +....                  L - +2 pair of boots
Stlth    ..........             l - amulet of rage
HPRegen  0.31/turn              S - ring of flight
MPRegen  0.17/turn              I - ring of protection from cold

@: studying Armour
A: retaliatory headbutt, horns 2
a: Minor Destruction, Lesser Servant of Makhleb, Major Destruction, Greater
Servant of Makhleb, Renounce Religion, Evoke Berserk Rage, Evoke Flight


You were on level 14 of the Dungeon.
You worshipped Makhleb.
Makhleb was extremely pleased with you.
You were not hungry.

You visited 4 branches of the dungeon, and saw 22 of its levels.
You also visited: Sewer and Bailey.

You collected 2099 gold pieces.

Inventory:

Hand Weapons
 a - a +0 antimagic war axe
 Y - a +2 war axe of electrocution (weapon)
Missiles
 r - 7 throwing nets (quivered)
Armour
 e - a +0 pair of gloves (worn)
 q - a +2 shield of cold resistance (worn)
 J - a +0 crystal plate armour (worn)
 L - a +2 pair of boots (worn)
 V - a +0 cloak of poison resistance (worn)
Jewellery
 l - an amulet of rage (around neck)
 n - an uncursed ring of positive energy
 C - an uncursed amulet of guardian spirit
 I - a ring of protection from cold (right hand)
 M - an uncursed ring of ice
 S - a ring of flight (left hand)
Wands
 p - a wand of disintegration (14)
 s - a wand of acid (21)
 N - a wand of digging (17)
 X - a wand of enslavement (42)
Scrolls
 h - 7 scrolls of identify
 j - 10 scrolls of remove curse
 m - 2 scrolls of vulnerability {unknown}
 o - 14 scrolls of teleportation
 v - 5 scrolls of blinking
 w - 2 scrolls of fear
 z - 3 scrolls of fog
 A - 2 scrolls of magic mapping
 G - 3 scrolls of random uselessness {unknown}
 P - 2 scrolls of enchant armour {unknown}
 Q - 4 scrolls of summoning {unknown}
 U - 4 scrolls of enchant weapon {unknown}
Potions
 b - 4 potions of haste {unknown}
 c - 3 potions of brilliance {unknown}
 d - 5 potions of might
 g - 2 potions of magic {unknown}
 t - a potion of heal wounds
 u - 6 potions of flight
 x - 2 potions of berserk rage {unknown}
 B - 3 potions of invisibility {unknown}
 E - 6 potions of curing
 F - 3 potions of mutation {unknown}
 O - 2 potions of agility {unknown}
 T - 3 potions of lignification {unknown}
Books
 y - a manual of Armour
Miscellaneous
 i - a phantom mirror
 Z - a phial of floods
Comestibles
 f - 28 rations


   Skills:
 + Level 12.3 Fighting
 + Level 14.4 Axes
 + Level 12.5 Armour
 + Level 10.8 Dodging
 + Level 12.2 Shields
 - Level 10.0 Invocations
 - Level 4.4 Evocations


You had 13 spell levels left.
You didn't know any spells.

Dungeon Overview and Level Annotations

Branches:
Dungeon (14/15)            Temple (1/1) D:6            Lair (6/6) D:11
 Shoals (0/4) Lair:3        Snake (0/4) Lair:4        Slime (0/5) Lair:5
    Orc (1/2) D:9
 Vaults: D:13-14

Altars:
Ashenzari
Cheibriados
Dithmenos
Elyvilon
Fedhas
Gozag
Hepliaklqana
Kikubaaqudgha
Makhleb
Nemelex Xobeh
Okawaru
Qazlal
Ru
Sif Muna
Trog
Uskayaw
Vehumet
Wu Jian
Xom
Yredelemnul
Zin
The Shining One
Jiyva

Shops:
D:9 *[(*(   D:12 [

Annotations:
D:9 1 transporter


Innate Abilities, Weirdness & Mutations

You reflexively headbutt those who attack you in melee.
You have a pair of horns on your head.


Message History

You swing at nothing.
Really walk into that teleport trap?
You enter a teleport trap!
The teleport trap disappears.
Your surroundings seem slightly different.
The meliai calls down the wrath of its god upon you.
Something smites you!
* * * LOW HITPOINT WARNING * * *
There is an escape hatch in the ceiling here.
The meliai mumbles some strange prayers to its god against you.
Something smites you!
* * * LOW HITPOINT WARNING * * *
Something hits you.
* * * LOW HITPOINT WARNING * * *
You block something's attack. You block the meliai's attack. x2
The meliai invokes the aid of its god against you.
Something smites you!
* * * LOW HITPOINT WARNING * * *
The meliai calls down the wrath of its god upon you.
Something smites you!
You die...

........ ###.#.....
.....# #..)..####
#4..# ####.## ##.y#
####..# #ยง)## #....##
##.###### ##'######
#..4....# ####.......#
#....<.y###..'.......#
#....y.(@...##....####
#.......######....#
#.......# #....#
#.......# #....#
###.##### ###### #...#
###.# .# #


You could see 2 meliai, an enchanted long sword and a friendly hellwing.

Vanquished Creatures
  Kirke (Lair:5)
  Nessos (Lair:5)
  A stone giant (Orc:1)
  Azrael (D:13)
  Snorg (Lair:5)
  Fannar (D:11)
  A hydra (Lair:6)
  A catoblepas (Lair:6)
  5 two-headed ogres
  A dancing weapon (D:14)
  An unseen horror (D:10)
  Pikel (D:5)
  An ugly thing (D:12)
  A deep elf mage (D:13)
  A cyclops (D:13)
  8 black mambas
  Joseph (D:8)
  5 elephants (Lair:6)
  4 gargoyles
  Psyche (D:9)
  2 komodo dragons
  6 spiny frogs
  A rime drake (Lair:6)
  An efreet (D:14)
  A meliai (D:14)
  2 trolls (D:12)
  4 hornets
  3 polar bears
  8 blink frogs
  Grinder (D:3)
  9 slime creatures
  Prince Ribbit (D:8)
  6 hippogriffs
  3 dream sheep (Lair:6)
  8 spriggans (Lair:6)
  3 hogs (Lair:5)
  2 basilisks
  2 fire elementals (D:13)
  29 yaks
  4 wyverns
  2 steam dragons
  4 vampire mosquitoes (D:14)
  19 water moccasins
  10 porcupines
  3 hell hounds (D:13)
  2 slaves (D:5)
  6 orc warriors
  2 phantoms
  5 black bears
  3 sky beasts
  7 ogres
  3 ice beasts
  2 necrophages
  4 boggarts (Lair:6)
  46 wolves
  5 centaurs
  14 crocodiles
  4 big kobolds
  Blork the orc (D:4)
  13 bullfrogs
  8 gnoll sergeants (Bailey)
  4 scorpions
  3 killer bees (D:10)
  9 wights
  2 electric eels (Lair:1)
  10 howler monkeys
  A crimson imp (D:8)
  A lava snake (D:9)
  11 hounds
  4 jellies
  2 bullfrog skeletons
  5 orc priests
  5 gnoll shamans (Bailey)
  12 orc wizards
  A centaur skeleton (D:7)
  4 iguanas
  8 worker ants
  10 hell rats
  2 hound skeletons
  24 adders
  A howler monkey skeleton (D:10)
  18 gnolls
  A river rat (Sewer)
  2 shadow imps
  3 white imps (D:11)
  An ooze (D:2)
  An adder skeleton (D:4)
  A worm (Sewer)
  3 dart slugs
  A leopard gecko (D:4)
  51 orcs
  5 bats
  5 giant cockroaches
  13 goblins
  7 hobgoblins
  15 jackals
  5 quokkas
  6 ball pythons
  A ball python skeleton (D:5)
  10 frilled lizards
  19 kobolds
  A quokka zombie (D:10)
  10 rats
  2 fungi (Lair:4)
  3 plants
600 creatures vanquished.

Vanquished Creatures (collateral kills)
  Erolcha (D:13)
  3 hydras
  Nergalle (Lair:2)
  An unseen horror (D:13)
  A black mamba (Lair:2)
  A komodo dragon (Lair:5)
  3 polar bears (Lair:6)
  A dream sheep (Lair:6)
  A hippogriff (Lair:6)
  A hornet (Lair:6)
  6 spriggans (Lair:6)
  2 yaks (Lair:2)
  A hog (Lair:5)
  6 wolves
  A gnoll shaman (Bailey)
  A hell rat (Lair:5)
  A fungus (Lair:5)
32 creatures vanquished.

Vanquished Creatures (others)
  A bush (Lair:5)
  8 fungi
  2 plants
11 creatures vanquished.

Grand Total: 643 creatures vanquished

Notes
Turn   | Place    | Note
-------+----------+-------------------------------------------
     0 | D:1      | wojtek the Minotaur Fighter began the quest for the Orb.
     0 | D:1      | Reached XP level 1. HP: 19/19 MP: 0/0
    56 | D:1      | Reached skill level 3 in Axes
   108 | D:1      | Reached XP level 2. HP: 26/26 MP: 1/1
   395 | D:1      | Reached skill level 4 in Axes
   458 | D:1      | Reached XP level 3. HP: 27/31 MP: 2/2
   850 | D:2      | Reached skill level 5 in Axes
   889 | D:2      | Reached XP level 4. HP: 38/39 MP: 3/3
  1339 | D:3      | Found a glowing drain.
  1344 | D:3      | Reached skill level 6 in Axes
  1357 | Sewer    | Entered a sewer
  1628 | Sewer    | Reached XP level 5. HP: 40/45 MP: 4/4
  1807 | Sewer    | Reached skill level 7 in Axes
  1978 | Sewer    | Reached XP level 6. HP: 45/51 MP: 5/5
  2144 | D:3      | Reached skill level 8 in Axes
  2201 | D:3      | Noticed Grinder
  2212 | D:3      | Paralysed by Grinder for 4 turns
  2217 | D:3      | Killed Grinder
  2217 | D:3      | Reached skill level 9 in Axes
  2427 | D:3      | Found a shimmering altar of Xom.
  2427 | D:3      | Found a glowing silver altar of Zin.
  2428 | D:3      | Found an opulent altar of Gozag.
  2571 | D:3      | Reached XP level 7. HP: 54/57 MP: 6/6
  3073 | D:4      | Noticed Blork the orc
  3078 | D:4      | Killed Blork the orc
  3185 | D:4      | Reached skill level 1 in Dodging
  3185 | D:4      | Reached skill level 1 in Evocations
  3676 | D:4      | Found a stormy altar of Qazlal.
  3914 | D:5      | Entered Level 5 of the Dungeon
  3945 | D:5      | Reached XP level 8. HP: 56/67 MP: 2/8
  4086 | D:5      | Noticed Pikel
  4103 | D:5      | Killed Pikel
  4103 | D:5      | Reached skill level 5 in Fighting
  4103 | D:5      | Reached skill level 5 in Armour
  4103 | D:5      | Reached skill level 5 in Shields
  4523 | D:5      | Found an iron altar of Okawaru.
  4847 | D:6      | Reached skill level 10 in Axes
  5067 | D:6      | Found a hazy altar of Hepliaklqana.
  5163 | D:6      | Reached XP level 9. HP: 43/74 MP: 3/11
  5683 | D:6      | Found a staircase to the Ecumenical Temple.
  5869 | Temple   | Entered the Ecumenical Temple
  5963 | Temple   | Became a worshipper of Makhleb the Destroyer
  6103 | D:7      | Reached skill level 1 in Invocations
  6824 | D:7      | Found an ornate altar of the Wu Jian Council.
  7069 | D:8      | Noticed Prince Ribbit
  7084 | D:8      | Killed Prince Ribbit
  7326 | D:8      | Noticed Joseph
  7339 | D:8      | Killed Joseph
  8064 | D:8      | Found an ancient bone altar of Kikubaaqudgha.
  8422 | D:9      | Noticed Psyche
  8429 | D:9      | Killed Psyche
  8429 | D:9      | Reached XP level 10. HP: 84/84 MP: 4/12
  8447 | D:9      | Found Roerphu's Assorted Antiques.
  8531 | D:9      | Reached skill level 5 in Dodging
  8584 | D:9      | Reached * piety under Makhleb
  8757 | D:9      | Found Utunuhim's Antique Weapon Boutique.
  8769 | D:9      | Noticed a two-headed ogre
  8778 | D:9      | Killed a two-headed ogre
  8778 | D:9      | Reached skill level 11 in Axes
  8778 | D:9      | Reached skill level 5 in Invocations
  8962 | D:9      | Found Pucouh's Armour Boutique.
  8980 | D:9      | Found a shadowy altar of Dithmenos.
  9213 | D:9      | Found a staircase to the Orcish Mines.
  9237 | D:9      | Found Coxav's Weapon Shoppe.
  9238 | D:9      | Found Tuecog's General Store.
  9457 | D:9      | Noticed a two-headed ogre
  9464 | D:9      | Killed a two-headed ogre
  9481 | D:9      | Found a sparkling altar of Nemelex Xobeh.
  9481 | D:9      | Found a transporter.
  9482 | D:9      | Noticed an orc knight
  9570 | D:9      | Found a bloodstained altar of Trog.
  9684 | D:10     | Entered Level 10 of the Dungeon
  9838 | D:10     | Noticed a two-headed ogre
  9846 | D:10     | Killed a two-headed ogre
  9866 | D:10     | Reached XP level 11. HP: 74/94 MP: 4/14
 10046 | D:10     | Reached ** piety under Makhleb
 11011 | D:10     | Killed an unseen horror
 11227 | D:11     | Noticed Fannar
 11253 | D:11     | Killed Fannar
 11926 | D:11     | Found a staircase to the Lair.
 12024 | D:11     | Noticed a two-headed ogre
 12038 | D:11     | Killed a two-headed ogre
 12363 | D:12     | Reached *** piety under Makhleb
 12459 | D:12     | Found a flagged portal.
 12479 | Bailey   | Entered a bailey
 12796 | Bailey   | Reached skill level 12 in Axes
 13150 | Bailey   | Reached **** piety under Makhleb
 13507 | D:12     | Reached XP level 12. HP: 94/104 MP: 5/17
 13584 | D:12     | Found Ytoil's Armour Shoppe.
 14218 | Lair:1   | Entered Level 1 of the Lair of Beasts
 14833 | Lair:1   | Reached ***** piety under Makhleb
 14852 | Lair:1   | Noticed an eight-headed hydra
 14862 | Lair:1   | Killed an eight-headed hydra
 14919 | Lair:1   | Noticed an eight-headed hydra
 14927 | Lair:1   | Killed an eight-headed hydra
 15162 | Lair:2   | Noticed Nergalle
 15183 | Lair:2   | Killed Nergalle
 15347 | Lair:2   | Reached skill level 10 in Armour
 15352 | Lair:2   | Reached skill level 10 in Fighting
 15420 | Lair:2   | Reached skill level 10 in Shields
 15465 | Lair:2   | Reached skill level 10 in Invocations
 16169 | Lair:3   | Found a staircase to the Shoals.
 16290 | Lair:3   | Reached XP level 13. HP: 106/113 MP: 6/19
 16751 | Lair:4   | Reached skill level 13 in Axes
 16880 | Lair:4   | Found a staircase to the Snake Pit.
 17743 | Lair:5   | Noticed Snorg
 17758 | Lair:5   | Killed Snorg
 17816 | Lair:5   | Noticed Kirke
 17845 | Lair:5   | Killed Kirke
 17914 | Lair:5   | Found a staircase to the Slime Pits.
 17923 | Lair:5   | Found a viscous altar of Jiyva.
 17966 | Lair:5   | Noticed Nessos
 17976 | Lair:5   | Killed Nessos
 18761 | Lair:6   | Entered Level 6 of the Lair of Beasts
 18820 | Lair:6   | Found the +7 great mace "Undeadhunter" {disrupt, rN+}
 18930 | Lair:6   | Reached skill level 10 in Dodging
 19349 | Lair:6   | Reached XP level 14. HP: 101/125 MP: 6/20
 19579 | Lair:6   | Reached skill level 14 in Axes
 19709 | Lair:6   | Found a hide-covered altar of Uskayaw.
 20885 | Orc:1    | Entered Level 1 of the Orcish Mines
 20975 | Orc:1    | Noticed a stone giant
 20995 | Orc:1    | Killed a stone giant
 21960 | D:13     | Noticed Erolcha
 21976 | D:13     | Killed Erolcha
 22280 | D:13     | Noticed Azrael
 22301 | D:13     | Killed Azrael
 22672 | D:14     | HP: 5/127 [meliai/divine providence (12)]
 22672 | D:14     | Killed from afar by a meliai

Skill      XL: |  1  2  3  4  5  6  7  8  9 10 11 12 13 14 |
---------------+-------------------------------------------+-----
Axes           | 3 4 5 6 7 9 10 11 12 13 14 | 14.4
Dodging        | 1 3 4 6 7 8 10 | 10.8
Evocations     | 2 4 |  4.4
Fighting       | 4 5 6 7 9 10 11 12 | 12.3
Armour         | 4 5 6 7 9 10 11 12 | 12.5
Shields        | 4 5 6 7 9 10 11 12 | 12.2
Invocations    | 4 6 8 10 | 10.0

Action                   |  1- 3 |  4- 6 |  7- 9 | 10-12 | 13-15 || total
-------------------------+-------+-------+-------+-------+-------++-------
Melee: War axe           |    78 |   133 |   314 |   984 |   700 ||  2209
       Headbutt          |     9 |    19 |    55 |   194 |   191 ||   468
Invok: Lesser Servant of |       |       |       |     9 |    18 ||    27
       Minor Destruction |       |       |       |       |    10 ||    10
 Abil: Evoke Berserk Rag |       |       |       |     1 |       ||     1
Evoke: Wand              |       |       |     3 |     5 |    13 ||    21
       Phial of floods   |       |       |       |       |     1 ||     1
  Use: Scroll            |       |     2 |     1 |     7 |     2 ||    12
       Potion            |       |     2 |       |       |       ||     2
 Stab: Distracted        |       |       |       |     2 |     2 ||     4
  Eat: Chunk             |       |     5 |    15 |    25 |    18 ||    63
       Ration            |       |       |     1 |     1 |     1 ||     3
Armor: Scale mail        |    32 |    49 |    44 |       |       ||   125
       Plate armour      |       |       |    66 |   352 |       ||   418
       Crystal plate arm |       |       |       |   244 |   453 ||   697
Dodge: Dodged            |    23 |    25 |    61 |   296 |   218 ||   623
Block: Shield            |    37 |    96 |   161 |   835 |   579 ||  1708
